 Dungeon Crawl Stone Soup version 0.28.0-43-g3370ac3207 (webtiles) character file.

Game seed: 4783249633174965554

17087 TheDeanity the Grappler (level 12, -2/122 HPs)
             Began as a Troll Fighter on Mar 15, 2022.
             Was a High Priest of Jiyva.
             Slain by a tentacled monstrosity (4 damage)
             ... on level 12 of the Dungeon.
             The game lasted 00:31:00 (9302 turns).

TheDeanity the Grappler (Troll Fighter)             Turns: 9302, Time: 00:31:00

Health: -2/122     AC: 12    Str: 31    XL:     12   Next: 15%
Magic:  11/11      EV: 10    Int:  4    God:    Jiyva [*****.]
Gold:   550        SH: 12    Dex: 19    Spells: 11/11 levels left

rFire   + . .      SeeInvis .     - Unarmed
rCold   . . .      Faith    .   c - +0 kite shield
rNeg    . . .      Spirit   .   g - +0 robe "Fuesinye" {rC+ rCorr}
rPois   +          Reflect  .   k - +0 hat
rElec   +          Harm     .   p - +0 cloak
rCorr   +          Rampage  .   (gloves unavailable)
Will    .....                   (boots unavailable)
Stlth   +++.......              (no amulet)
HPRegen 2.54/turn               q - ring of willpower
MPRegen 0.57/turn               w - ring "Ecatou" {rElec rPois rC- Will- Dex+8}

@: slimy, constricted
A: large, unfitting armour, claws 3, regeneration 1, shaggy fur 2, tough skin 1,
iridescent scales 2, agile 1, fire resistance 1, gelatinous body 3, pseudopods
1, translucent skin 1
a: Renounce Religion, Oozemancy, Slimify


You were on level 12 of the Dungeon.
You worshipped Jiyva.
Jiyva was extremely pleased with you.
You visited 1 branch of the dungeon, and saw 12 of its levels.
You also visited: Sewer and Bailey.

You collected 550 gold pieces.

Inventory:

Armour
 c - a +0 kite shield (worn)
 g - the +0 robe "Fuesinye" (worn) {rC+ rCorr}
   (You found it on level 8 of the Dungeon)

   rC:        It protects you from cold.
   rCorr:     It protects you from acid and corrosion.
 k - a +0 hat (worn)
 p - a +0 cloak (worn)
 A - a +0 troll leather armour
Jewellery
 q - a ring of willpower (left claw)
 w - the ring "Ecatou" (right claw) {rElec rPois rC- Will- Dex+8}
   (You found it in a bailey)

   [ring of poison resistance]

   Dex:       It affects your dexterity (+8).
   rC:        It makes you vulnerable to cold.
   rElec:     It insulates you from electricity.
   rPois:     It protects you from poison.
   Will:      It decreases your willpower.
Wands
 a - a wand of flame (19)
 m - a wand of polymorph (9)
 t - a wand of iceblast (10)
 u - a wand of acid (8)
 D - a wand of digging (3)
Scrolls
 b - 2 scrolls of identify
 e - 5 scrolls of enchant armour
 f - a scroll of teleportation {unknown}
 i - 2 scrolls of vulnerability {unknown}
 l - 2 scrolls of fear
 n - a scroll of silence {unknown}
 r - a scroll of fog {unknown}
 x - a scroll of amnesia {unknown}
 y - 2 scrolls of enchant weapon {unknown}
 B - a scroll of summoning {unknown}
Potions
 d - 2 potions of might
 h - 4 potions of curing
 j - 2 potions of ambrosia
 o - a potion of haste {unknown}
 s - 2 potions of heal wounds {unknown}
 v - 4 potions of flight
 z - a potion of invisibility {unknown}
 C - 2 potions of mutation {unknown}


   Skills:
 + Level 8.9 Fighting
 - Level 1.7 Maces & Flails
 - Level 2.4 Dodging
 + Level 11.2 Shields
 * Level 11.8 Unarmed Combat


You had 11 spell levels left.
You didn't know any spells.
Your spell library contained the following spells:

 Spells                   Type           Power      Damage    Failure   Level
 Freeze                   Ice            0%         1d3       71%         1
 Confusing Touch          Hex            0%         N/A       97%         3
 Frozen Ramparts          Ice            0%         1d2       97%         3
 Hailstorm                Conj/Ice       0%         3d3       100%        4
 Yara's Violent Unravell  Hex/Tmut       0%         3d3       100%        5
 Enfeeble                 Hex            0%         N/A       100%        7


Dungeon Overview and Level Annotations

Branches:
Dungeon (12/15)            Temple (0/1) D:4            Lair (0/6) D:9
    Orc (0/2) D:10          Sewer (visited)          Bailey (visited)

Altars:
Cheibriados
Dithmenos
Elyvilon
Fedhas
Hepliaklqana
Makhleb
Nemelex Xobeh
Trog
Uskayaw
Vehumet
Yredelemnul
Zin
Beogh
Jiyva

Shops:
D:8 *


Innate Abilities, Weirdness & Mutations

You are too large for most types of armour.
You have claws for hands.
Your natural rate of healing is unusually fast.
You are covered in thick fur. (AC +2)
You have tough skin. (AC +1)
You are mostly covered in iridescent scales. (AC +4)
You are agile. (Dex +2)
Your flesh is heat resistant. (rF+)
Your gelatinous body deflects attacks. (AC +3, EV +3)
Armour fits poorly on your pseudopods.
Your translucent skin slightly reduces your foes' accuracy. (Stealth+)


Message History

The tentacled monstrosity misses you.
You block the tentacled monstrosity's attack.
The tentacled monstrosity tentacle-slaps you but does no damage.
The tentacled monstrosity constricts you!
You mangle the tentacled monstrosity!!
Your bludgeon misses the tentacled monstrosity.
The tentacled monstrosity is heavily wounded.
You block the large abomination's attack.
You mangle the tentacled monstrosity!!
You bludgeon the tentacled monstrosity, but do no damage.
The tentacled monstrosity is severely wounded.
You block the tentacled monstrosity's attack.
The tentacled monstrosity tentacle-slaps you. x2
The tentacled monstrosity constricts you!
You block the large abomination's attack.
You claw the tentacled monstrosity!
The tentacled monstrosity is severely wounded.
You block the tentacled monstrosity's attack.
The tentacled monstrosity tentacle-slaps you but does no damage.
The tentacled monstrosity completely misses you.
The tentacled monstrosity constricts you.
You block the large abomination's attack.
The large abomination hits you!
You barely miss the tentacled monstrosity.
You bludgeon the tentacled monstrosity.
The tentacled monstrosity is severely wounded.
The tentacled monstrosity tentacle-slaps you but does no damage.
The tentacled monstrosity barely misses you.
You block the tentacled monstrosity's attack.
The tentacled monstrosity constricts you.
The large abomination hits you!!
* * * LOW HITPOINT WARNING * * *
The tentacled monstrosity's grasp on you weakens, but your attempt to escape fails.
The large abomination hits you!
* * * LOW HITPOINT WARNING * * *
The tentacled monstrosity tentacle-slaps you.
* * * LOW HITPOINT WARNING * * *
You block the tentacled monstrosity's attack.
The tentacled monstrosity tentacle-slaps you.
You die...

#. # #####
..#. # #...#
# #####..##
.# ###.## #
..#....###.
#..... #
#........
###.## #
.####.....#
##.## ######
......XX..##
##....
.....#
#.xX@...#
#.....
.#####
##.#'#...#
#...##
.....# #.
#.##..#
#.....
.##### #
##..##..#
##.### ##
#....##...
##.# ######
#.....# ##
#..###
.....#
#.....#
####..
..>..#
##....## #.#
####.#
#.....## #..


You could see a tentacled monstrosity, 2 large abominations and a small
abomination.

Vanquished Creatures
  A hydra (D:11)
  5 two-headed ogres
  Urug (D:10)
  The ghost of PerfectTommy the Fighter, a novice DDFi of Lugonu (D:5)
  An orc knight (Bailey)
  An ugly thing (D:12)
  A cyclops (D:11)
  A komodo dragon (D:7)
  A yaktaur (D:10)
  A kobold demonologist (D:12)
  2 trolls
  3 shadows
  2 wyverns
  5 yaks (D:9)
  A vampire (D:11)
  2 wraiths (D:12)
  2 vampire mosquitoes
  A neqoxec (D:12)
  5 acid dragons
  2 water moccasins
  10 orc warriors
  An ice beast (D:7)
  A swamp drake (D:9)
  A black bear (D:6)
  A necrophage (D:8)
  4 centaurs
  6 kobold brigands
  18 killer bees
  13 wights
  2 electric eels (D:8)
  A crimson imp (D:5)
  11 centaur zombies
  2 bullfrog skeletons (D:6)
  6 orc priests
  A centaur skeleton (D:7)
  Ijyb (D:3)
  3 iguanas
  6 orc wizards
  A killer bee zombie (D:8)
  A hound skeleton (D:5)
  3 howler monkey zombies
  Robin (D:4)
  6 gnolls
  A river rat (D:4)
  2 adders
  An ufetubus (D:4)
  5 worms
  2 adder skeletons (D:4)
  37 orcs
  3 bats (D:2)
  3 endoplasms
  6 giant cockroaches
  15 goblins
  11 hobgoblins
  6 jackals
  36 kobolds
  2 quokkas
  6 ball pythons
  8 frilled lizards
  10 rats
293 creatures vanquished.

Vanquished Creatures (collateral kills)
  A deep elf pyromancer (D:11)
  2 manticores (D:11)
  A komodo dragon (D:9)
  A shadow (D:11)
  A basilisk (D:9)
  A vampire mosquito (D:11)
7 creatures vanquished.

Vanquished Creatures (others)
  A boulder beetle (D:11)
  An ugly thing (D:11)
  A gargoyle (D:11)
  A kobold demonologist (D:11)
  Grinder (D:4)
  A yak (D:11)
  A basilisk (D:9)
  An ogre (D:7)
  A centaur (D:12)
  A bullfrog (D:8)
  A water moccasin skeleton (D:6)
  A killer bee (D:6)
  2 wights
  44 jellies
  2 howler monkeys
  A centaur zombie (D:9)
  An orc priest (D:6)
  An orc wizard (D:12)
  A killer bee zombie (D:9)
  4 gnolls
  A river rat (Sewer)
  A white imp (D:6)
  17 orcs
  2 endoplasms
  5 giant cockroaches
  5 goblins
  4 hobgoblins
  A jackal (D:4)
  A quokka (D:4)
  4 ball pythons
  2 bats
  2 kobolds
  19 rats
  A plant (D:4)
133 creatures vanquished.

Grand Total: 433 creatures vanquished

Notes
Turn   | Place    | Note
-------+----------+-------------------------------------------
     0 | D:1      | TheDeanity the Troll Fighter began the quest for the Orb.
     0 | D:1      | Reached XP level 1. HP: 22/22 MP: 0/0
   180 | D:1      | Reached XP level 2. HP: 26/29 MP: 1/1
   769 | D:2      | Reached skill level 1 in Unarmed Combat
   793 | D:2      | Found a hide-covered altar of Uskayaw.
   858 | D:2      | Reached XP level 3. HP: 36/36 MP: 2/2
  1254 | D:3      | Found a faded altar of an unknown god.
  1286 | D:3      | Noticed Ijyb
  1303 | D:3      | Killed Ijyb
  1383 | D:3      | Reached XP level 4. HP: 44/44 MP: 3/3
  1409 | D:3      | Prayed at the altar of an unknown god.
  1409 | D:3      | Became a worshipper of Jiyva Jaroumed the Shapeless
  1409 | D:3      | Reached * piety under Jiyva
  1418 | D:3      | Noticed a moth of wrath
  1421 | D:3      | Found a bloodstained altar of Trog.
  1853 | D:4      | Found a staircase to the Ecumenical Temple.
  1879 | D:4      | Killed Grinder
  1883 | D:4      | Reached ** piety under Jiyva
  1952 | D:4      | Found a glowing drain.
  1956 | Sewer    | Entered a sewer
  2061 | Sewer    | Found a viscous altar of Jiyva.
  2201 | D:4      | Reached XP level 5. HP: 51/53 MP: 4/4
  2322 | D:3      | Reached *** piety under Jiyva
  2568 | D:4      | Noticed Robin
  2574 | D:4      | Killed Robin
  2999 | D:4      | Gained mutation: Your translucent skin slightly reduces
                  | your foes' accuracy. (Stealth+) [Jiyva's grace]
  2999 | D:4      | Gained mutation: Your translucent skin reduces your foes'
                  | accuracy. (Stealth+) [Jiyva's grace]
  2999 | D:4      | Gained mutation: Your transparent skin significantly
                  | reduces your foes' accuracy. (Stealth+) [Jiyva's grace]
  2999 | D:4      | Gained mutation: Your flesh is heat resistant. (rF+)
                  | [Jiyva's grace]
  3086 | D:5      | Entered Level 5 of the Dungeon
  3122 | D:5      | Found a burning altar of Makhleb.
  3294 | D:5      | Found a runed translucent gate.
  3296 | D:5      | Found a runed translucent gate.
  3296 | D:5      | Found a runed translucent gate.
  3297 | D:5      | Noticed PerfectTommy's ghost (novice DDFi)
  3300 | D:5      | Noticed an orc warrior
  3324 | D:5      | Reached XP level 6. HP: 34/61 MP: 2/5
  3327 | D:5      | Killed an orc warrior
  3334 | D:5      | Killed PerfectTommy's ghost
  3335 | D:5      | Reached skill level 5 in Shields
  3335 | D:5      | Reached XP level 7. HP: 20/71 MP: 6/6
  3416 | D:5      | Found a shadowy altar of Dithmenos.
  3711 | D:5      | Reached XP level 8. HP: 77/79 MP: 7/7
  3812 | D:6      | Noticed Sigmund
  3817 | D:6      | Noticed Sigmund
  3817 | D:6      | Sigmund changed into Sigmund the jelly
  3873 | D:6      | Found a radiant altar of Vehumet.
  3906 | D:6      | Reached **** piety under Jiyva
  4049 | D:6      | Found a blossoming altar of Fedhas.
  4096 | D:6      | Reached skill level 5 in Unarmed Combat
  4119 | D:6      | Reached skill level 5 in Fighting
  4295 | D:6      | Killed Sigmund the jelly
  4295 | D:6      | Killed Sigmund the jelly
  4456 | D:7      | Noticed a komodo dragon
  4467 | D:7      | Killed a komodo dragon
  4489 | D:7      | Reached XP level 9. HP: 87/88 MP: 8/8
  4623 | D:7      | Identified the -5 pair of boots of Onnuomm {Int+5 Dex-5}
  4853 | D:7      | Found a white marble altar of Elyvilon.
  4947 | D:8      | Reached ***** piety under Jiyva
  4989 | D:8      | Lost mutation: Your transparent skin significantly reduces
                  | your foes' accuracy. (Stealth+) [Jiyva's grace]
  4989 | D:8      | Gained mutation: Armour fits poorly on your pseudopods.
                  | [Jiyva's grace]
  4989 | D:8      | Gained mutation: Armour fits poorly on your large
                  | pseudopods. [Jiyva's grace]
  4989 | D:8      | Gained mutation: Armour fits poorly on your massive
                  | pseudopods. [Jiyva's grace]
  4989 | D:8      | Gained mutation: You have a small jelly attached to you
                  | that senses nearby items. [Jiyva's grace]
  5060 | D:8      | Found Qialehad's General Store.
  5213 | D:8      | Found a hazy altar of Hepliaklqana.
  5248 | D:8      | Identified the +0 robe "Fuesinye" {rC+ rCorr}
  5268 | D:8      | Found a flagged portal.
  5281 | Bailey   | Entered a bailey
  5378 | Bailey   | Noticed an orc knight
  5379 | Bailey   | Reached XP level 10. HP: 77/100 MP: 9/9
  5388 | Bailey   | Killed an orc knight
  5464 | Bailey   | Identified the ring "Ecatou" {rElec rPois rC- Will- Dex+8}
  5584 | D:8      | Found a glowing silver altar of Zin.
  5805 | D:8      | Found a snail-covered altar of Cheibriados.
  6389 | D:9      | Found a basalt altar of Yredelemnul.
  6490 | D:9      | Reached skill level 10 in Shields
  6552 | D:9      | Found a staircase to the Lair.
  6705 | D:9      | Lost mutation: Armour fits poorly on your massive
                  | pseudopods. [Jiyva's grace]
  6705 | D:9      | Lost mutation: Your translucent skin reduces your foes'
                  | accuracy. (Stealth+) [Jiyva's grace]
  6705 | D:9      | Lost mutation: You have a small jelly attached to you that
                  | senses nearby items. [Jiyva's grace]
  6705 | D:9      | Gained mutation: You are partially covered in iridescent
                  | scales. (AC +2) [Jiyva's grace]
  6705 | D:9      | Gained mutation: You are mostly covered in iridescent
                  | scales. (AC +4) [Jiyva's grace]
  6705 | D:9      | Gained mutation: You are completely covered in iridescent
                  | scales. (AC +6) [Jiyva's grace]
  6705 | D:9      | Gained mutation: You are agile. (Dex +2) [Jiyva's grace]
  6934 | D:10     | Entered Level 10 of the Dungeon
  7061 | D:10     | Found a sparkling altar of Nemelex Xobeh.
  7152 | D:10     | Noticed Urug
  7169 | D:10     | Killed Urug
  7206 | D:10     | Noticed a two-headed ogre
  7210 | D:10     | Reached XP level 11. HP: 109/109 MP: 10/10
  7217 | D:10     | Killed a two-headed ogre
  7359 | D:10     | Found a staircase to the Orcish Mines.
  7724 | D:11     | Noticed a two-headed ogre
  7725 | D:11     | Noticed a four-headed hydra
  7734 | D:11     | Killed a two-headed ogre
  7745 | D:11     | Killed a six-headed hydra
  7746 | D:11     | Reached skill level 10 in Unarmed Combat
  7816 | D:11     | Identified the +5 falchion of Suesiwapt {vorpal, *Rage
                  | Int+5}
  7999 | D:11     | Noticed a two-headed ogre
  8010 | D:11     | Killed a two-headed ogre
  8095 | D:11     | Noticed a two-headed ogre
  8103 | D:11     | Killed a two-headed ogre
  8112 | D:11     | Noticed a boulder beetle
  8322 | D:11     | Noticed a storm dragon
  8328 | D:11     | Slimified a storm dragon
  8328 | D:11     | Noticed an azure jelly
  8328 | D:11     | a storm dragon changed into an azure jelly
  8332 | D:11     | Noticed a white ugly thing
  8334 | D:11     | Killed a white ugly thing
  8345 | D:11     | Killed a boulder beetle
  8349 | D:11     | Noticed a deep elf pyromancer
  8351 | D:11     | Killed a deep elf pyromancer
  8421 | D:12     | Reached XP level 12. HP: 122/122 MP: 11/11
  8588 | D:12     | Noticed a two-headed ogre
  8596 | D:12     | Killed a two-headed ogre
  8704 | D:12     | Lost mutation: You are completely covered in iridescent
                  | scales. (AC +6) [Jiyva's grace]
  8704 | D:12     | Lost mutation: Armour fits poorly on your large pseudopods.
                  | [Jiyva's grace]
  8704 | D:12     | Gained mutation: Your rubbery body absorbs attacks. (AC +1,
                  | EV +1) [Jiyva's grace]
  8704 | D:12     | Gained mutation: Your pliable body absorbs attacks. (AC +2,
                  | EV +2) [Jiyva's grace]
  8704 | D:12     | Gained mutation: Your gelatinous body deflects attacks. (AC
                  | +3, EV +3) [Jiyva's grace]
  8704 | D:12     | Gained mutation: You are covered in thick fur. (AC +2)
                  | [Jiyva's grace]
  8889 | D:12     | Found a runed translucent door.
  9292 | D:12     | Noticed a tentacled monstrosity
  9302 | D:12     | HP: 6/122 [large abomination (15)]
  9302 | D:12     | HP: 2/122 [tentacled monstrosity (4)]
  9302 | D:12     | Slain by a tentacled monstrosity

Illustrated notes

Levels and vault maps discovered:
D:1:      minmay_arrival_hallway, layout_basic, item_on_display_a
D:2:      layout_rooms, basic_altar
D:3:      layout_basic, tgw_trog, basic_ecumenical_altar, lemuel_old_faithful,
          uniq_ijyb
D:4:      layout_gridville, minmay_temple_entry_glassed_door,
          gup_sewer_entry_bowl, kennysheep_doodads, serial_bayou_pond_d,
          chequers_serial_rivers_micro_b, minmay_rat_hole, uniq_robin,
          uniq_grinder
D:5:      layout_loops_ring, makhleb_grotto_becter,
          nicolae_dithmenos_the_darkroom, biasface_ghost_orc_armoury,
          minmay_fountain_box, kennysheep_windowed_goal
D:6:      layout_rooms, mainiacjoe_overflow_catch_the_wave, uniq_sigmund
D:7:      layout_rooms, elyvilon_altar_1, grunt_ministairs_1,
          columned_hall_lemuel, dk_noncrumbling_3
D:8:      layout_loops_ring, amcnicky_altar_gilded,
          mainiacjoe_overflow_six_doors_small, mainiacjoe_overflow_alcove_1,
          enter_bailey_7, serial_shops, nicolae_stop_n_shop_2,
          grunt_ministairs_14, amcnicky_mini_corridor_feature,
          kennysheep_opposing_triangles
D:9:      layout_long_grid, nicolae_yredelemnul_corpse_copse, erik_lair_dragon
D:10:     layout_roguey, nemelex_xobeh_ov_fountains_minmay, hiddenorc1_lemuel,
          uniq_urug
D:11:     layout_loops_cross, evilmike_minifort
D:12:     cheibrodos_body_horror, layout_loops_ring, minmay_puff

Skill      XL: |  1  2  3  4  5  6  7  8  9 10 11 |
---------------+----------------------------------+-----
Unarmed Combat | 1 2 4 5 7 9 11 | 11.8
Shields        | 3 4 5 6 7 9 10 11 | 11.2
Fighting       | 3 4 5 6 7 8 |  8.9
Maces & Flails | |  1.7
Dodging        | |  2.4

Action                   |  1- 3 |  4- 6 |  7- 9 | 10-12 || total
-------------------------+-------+-------+-------+-------++-------
Melee: Unarmed           |   115 |   139 |   263 |   332 ||   849
       Pseudopods        |       |       |     7 |    74 ||    81
Invok: Oozemancy         |       |     2 |     2 |     2 ||     6
       Slimify           |       |       |       |     2 ||     2
Evoke: Wand              |       |       |     4 |       ||     4
  Use: Scroll            |     3 |     1 |     2 |       ||     6
       Potion            |       |       |     3 |     1 ||     4
 Stab: Sleeping          |     1 |     2 |     1 |     7 ||    11
       Distracted        |       |       |     1 |     3 ||     4
Armor: Robe              |    29 |    23 |    67 |    68 ||   187
Dodge: Dodged            |    33 |    35 |   153 |   118 ||   339
Block: Kite shield       |    32 |    36 |   155 |   208 ||   431
